 Dungeon Crawl Stone Soup version 0.24-a0-129-gdb70d5e40e (webtiles) character file.

Game seed: 0

54759 CheckhovsAxe the Peltast (level 14, -15/94 HPs)
             Began as an Octopode Chaos Knight on Feb 26, 2019.
             Was a Follower of Uskayaw.
             Hit by a large rock thrown by a cyclops (47 damage)
             ... on level 15 of the Dungeon.
             The game lasted 01:02:07 (21594 turns).

CheckhovsAxe the Peltast (Octopode Chaos Knight)   Turns: 21594, Time: 01:02:08

Health: -15/94     AC:  1    Str: 12      XL:     14   Next: 74%
Magic:  22/22      EV: 21    Int: 13 (14) God:    Uskayaw [*.....]
Gold:   855        SH: 18    Dex: 15 (16) Spells: 7/24 levels left

rFire    + . .     SeeInvis +   f - +4 rapier (venom)
rCold    . . .     Gourm    .   w - +5 shield
rNeg     . . .     Faith    .   (helmet restricted)
rPois    .         Spirit   .   d - amulet of regeneration
rElec    .         Reflect  .   L - ring of protection from magic
rCorr    .         Harm     .   E - ring of protection from magic
MR       +++..     Rnd*Rage +   N - +4 ring of strength
Stlth    +++++.....             Y - ring of wizardry
HPRegen  0.65/turn              U - ring of protection from fire
MPRegen  0.18/turn              h - ring of see invisible
                                m - ring of fire
                                k - ring of ice

@: no status effects
A: almost no armour, stealthy swim, amphibious, 8 rings, constrict 8, camouflage
1, berserk 1, deterioration 1, sense surroundings 1, weak 2, gelatinous body 1
a: Stomp, Renounce Religion


You were on level 15 of the Dungeon.
You worshipped Uskayaw.
Uskayaw was noncommittal.
You were not hungry.

You visited 2 branches of the dungeon, and saw 20 of its levels.

You collected 1258 gold pieces.
You spent 403 gold pieces at shops.

Inventory:

Hand Weapons
 a - a +0 short sword of chaos
 f - a +4 rapier of venom (weapon)
 g - a +0 scimitar of flaming
 J - a +1 falchion of holy wrath
Missiles
 v - 3 tomahawks of dispersal
 D - 9 javelins (quivered)
 S - 2 throwing nets {!f}
Armour
 w - a +5 shield (worn)
Jewellery
 d - an amulet of regeneration (around mantle)
 h - a ring of see invisible (on tentacle)
 k - a ring of ice (on tentacle)
 m - a ring of fire (on tentacle)
 y - an uncursed ring of ice
 C - an uncursed ring of ice
 E - a ring of protection from magic (right tentacle)
 L - a ring of protection from magic (left tentacle)
 N - a +4 ring of strength (on tentacle)
 U - a ring of protection from fire (on tentacle)
 Y - a ring of wizardry (on tentacle)
Wands
 x - a wand of paralysis (1)
 A - a wand of polymorph (13)
 G - a wand of digging (5)
 I - a wand of flame (44)
Scrolls
 c - 16 scrolls of remove curse {@r2}
 e - 7 scrolls of teleportation {@r3}
 l - a scroll of vulnerability
 o - a scroll of magic mapping
 s - 3 scrolls of immolation
 u - 2 scrolls of fear
 B - 3 scrolls of fog
 F - 2 scrolls of blinking
 M - 2 scrolls of summoning
 T - 2 scrolls of enchant armour
Potions
 i - 8 potions of curing {@q1}
 j - a potion of agility
 p - a potion of cancellation
 q - 5 potions of might
 t - 2 potions of flight
 z - a potion of invisibility
 K - a potion of magic
 O - 8 potions of haste
 Q - a potion of resistance
 R - 3 potions of brilliance
Miscellaneous
 P - a phial of floods
Comestibles
 b - 42 rations


   Skills:
 - Level 8.0 Fighting
 - Level 12.0 Short Blades
 - Level 11.0 Dodging
 - Level 8.0 Stealth
 - Level 15.0 Shields
 + Level 5.7 Spellcasting
 - Level 6.0 Invocations
 - Level 2.2 Evocations


You had 7 spell levels left.
You knew the following spells:

 Your Spells              Type           Power        Failure   Level  Hunger
a - Summon Butterflies    Summ           #.......     7%          1    None
b - Apportation           Tloc           #.....       7%          1    None
c - Tukima's Dance        Hex            #.......     21%         3    ###....
d - Call Canine Familiar  Summ           #.......     21%         3    ###....
e - Mephitic Cloud        Conj/Pois/Air  #.......     21%         3    ###....
f - Invisibility          Hex            #.......     100%        6    #######

Your spell library contained the following spells:

 Spells                   Type           Power        Failure   Level  Hunger
 Sting                    Conj/Pois      #...         7%          1    None
 Poisonous Vapours        Pois/Air       #.....       11%         2    ##.....
 Lesser Beckoning         Tloc           #.........   21%         3    ###....
 Olgreb's Toxic Radiance  Pois           #.......     52%         4    ####...
 Summon Ice Beast         Ice/Summ       #.......     52%         4    ####...
 Alistair's Intoxication  Tmut/Pois      #.......     86%         5    ######.
 Summon Mana Viper        Hex/Summ       #.......     86%         5    ######.
 Venom Bolt               Conj/Pois      #.........   86%         5    ######.
 Summon Hydra             Summ           #.........   100%        7    #######


Dungeon Overview and Level Annotations

Branches:
Dungeon (15/15)            Temple (0/1) D:4            Lair (6/6) D:8
  Swamp (0/4) Lair:2       Spider (0/4) Lair:3        Slime (0/5) Lair:6
    Orc (0/2) D:12         Depths (0/5) D:15
 Vaults: D:13-14

Altars:
Cheibriados
Dithmenos
Gozag
Hepliaklqana
Kikubaaqudgha
Makhleb
Okawaru
Qazlal
Trog
Uskayaw
Vehumet
Xom
The Shining One
Beogh

Shops:
D:6 *   D:12 :   D:15 ?

Annotations:
D:4 exclusion: statue
D:10 1 runed translucent door, hemabe's ghost, journeyman HuAr
D:11 1 exclusion
D:15 exclusion: death knight
Lair:4 exclusion: oklob plant


Innate Abilities, Weirdness & Mutations

You cannot wear most types of armour.
You are very stealthy in the water. (Stealth+)
You are amphibious.
You can wear up to eight rings at the same time.
You can use your tentacles to constrict eight enemies at once.
Your skin changes colour to match your surroundings (Stealth+).
Your rubbery body absorbs attacks. (AC +1, EV +1)
You tend to lose your temper in combat.
Your body sometimes deteriorates upon taking damage.
You passively map a small area around you.
You are very weak. (Str -4)


Message History

As you read the scroll of identify {@r1}, it crumbles to dust.
Q - a potion of resistance The cyclops shouts!
The two-headed ogre shouts in stereo!
You hit the two-headed ogre.
The two-headed ogre is poisoned.
Your squeeze misses the two-headed ogre.
You block the two-headed ogre's attack.
The two-headed ogre completely misses you.
You puncture the two-headed ogre!
The two-headed ogre looks as sick as possible!
You hit the two-headed ogre.
The two-headed ogre looks as sick as possible!
You squeeze the two-headed ogre.
You block the two-headed ogre's attack. x2
The cyclops throws a large rock.
The large rock hits you!!
You completely miss the two-headed ogre.
You barely miss the two-headed ogre.
The two-headed ogre hits you with a +0 giant club!!
You block the two-headed ogre's attack.
The cyclops throws a large rock.
The large rock hits you!!!
Ouch! That really hurt!
You die...

#*,####.,,,*
#.#......PPPP...PP #*,#
***..#####........P♣.P...P.
#*.#
*......#........P.♣P...).
##.#
*................PPP...PP
#!.#
*........................
..#*
*........................
.##
*....C...............#...
##
*..........8..∩..8......# #
**###..O@...(..##########
#.........## ###########


You could see a two-headed ogre and a cyclops.

Vanquished Creatures
  Jorgrun (D:12)
  Azrael (D:13)
  Fannar (Lair:3)
  6 hydras
  A centaur warrior (D:15)
  6 two-headed ogres
  2 death yaks (Lair:6)
  A fire crab (shapeshifter) (D:13)
  An unseen horror (D:15)
  A wizard (D:15)
  A lindwurm (Lair:6)
  2 deep elf magi
  A manticore (D:11)
  12 elephants
  2 gargoyles
  7 black mambas
  6 spiny frogs
  A rime drake (Lair:3)
  A centaur skeleton (D:11)
  A kobold demonologist (D:11)
  An efreet (D:15)
  7 komodo dragons
  A troll (D:12)
  4 polar bears (D:9)
  7 blink frogs (Lair:6)
  3 hornets
  3 slime creatures
  Prince Ribbit (D:5)
  7 hippogriffs
  A spriggan (shapeshifter) (D:15)
  2 wyverns
  A spriggan (D:7)
  A water elemental (D:12)
  A vampire (D:9)
  A hog (D:9)
  A fire elemental (D:13)
  36 yaks
  4 vampire mosquitoes (Lair:2)
  7 basilisks
  2 acid dragons
  3 hell hounds
  11 water moccasins
  7 porcupines
  3 ice beasts
  3 sky beasts
  16 orc warriors
  12 black bears
  An eye of draining (D:13)
  6 ogres
  An ogre (shapeshifter) (D:3)
  2 necrophages (D:7)
  2 phantoms (D:9)
  6 wolves (Lair:1)
  8 centaurs
  14 crocodiles
  19 bullfrogs
  A wyvern skeleton (D:6)
  5 scorpions
  6 killer bees
  15 wights
  4 bullfrog zombies
  2 electric eels (Lair:2)
  4 crimson imps
  3 centaur zombies
  5 hounds
  5 jellies
  2 bullfrog skeletons (D:12)
  7 orc priests
  7 worker ants
  Ijyb (D:5)
  8 orc wizards
  A killer bee zombie (D:9)
  A hound zombie (D:8)
  2 hound skeletons
  2 worker ant zombies
  A howler monkey zombie (D:11)
  13 adders
  3 shadow imps
  An adder skeleton (D:7)
  3 worms
  2 dart slugs
  7 leopard geckos
  65 orcs
  A ball python (D:4)
  10 giant cockroaches
  11 goblins
  8 hobgoblins
  3 jackals (D:5)
  11 kobolds
  5 quokkas
  9 bats
  2 frilled lizards (D:1)
  A giant cockroach zombie (D:5)
  A quokka skeleton (D:7)
  11 rats
  A bush (D:15)
  A plant (Lair:6)
511 creatures vanquished.

Vanquished Creatures (collateral kills)
  2 death yaks (Lair:6)
2 creatures vanquished.

Vanquished Creatures (others)
  28 fungi
  17 plants
45 creatures vanquished.

Grand Total: 558 creatures vanquished

Notes
Turn   | Place    | Note
-------+----------+-------------------------------------------
     0 | D:1      | CheckhovsAxe the Octopode Chaos Knight began the quest for
                  | the Orb.
     0 | D:1      | Reached XP level 1. HP: 16/16 MP: 1/1
    56 | D:1      | Reached skill level 1 in Stealth
   109 | D:1      | Reached XP level 2. HP: 12/21 MP: 2/2
   616 | D:1      | XOM: harmless Tloc miscast
   655 | D:1      | XOM: mild Tmut miscast
   773 | D:1      | Reached XP level 3. HP: 26/26 MP: 3/3
   932 | D:2      | XOM: harmless Pois miscast
   969 | D:2      | Found a hide-covered altar of Uskayaw.
  1010 | D:2      | Fell from the grace of Xom
  1010 | D:2      | Became a worshipper of Uskayaw the Reveler
  1264 | D:2      | Reached * piety under Uskayaw
  1334 | D:2      | XOM: stat loss: -2 Int (12/14)
  1532 | D:3      | Noticed a glowing shapeshifter
  1532 | D:3      | an adder changed into a glowing shapeshifter
  1532 | D:3      | Noticed a merfolk
  1532 | D:3      | a glowing shapeshifter changed into a merfolk
  1539 | D:3      | Noticed a cyclops
  1539 | D:3      | a merfolk changed into a cyclops
  1641 | D:3      | Reached ** piety under Uskayaw
  1642 | D:3      | Reached XP level 4. HP: 24/31 MP: 4/4
  1677 | D:3      | Noticed a jumping spider
  1814 | D:3      | Noticed a mana viper
  1820 | D:3      | Found a shadowy altar of Dithmenos.
  1830 | D:3      | Noticed an orb spider
  1830 | D:3      | Noticed a wind drake
  1830 | D:3      | an orb spider changed into a wind drake
  1831 | D:3      | Noticed a dream sheep
  1831 | D:3      | a wind drake changed into a dream sheep
  1920 | D:4      | Found a glowing golden altar of the Shining One.
  1921 | D:4      | Found a stormy altar of Qazlal.
  1922 | D:4      | Found a hazy altar of Hepliaklqana.
  1922 | D:4      | Found an ancient bone altar of Kikubaaqudgha.
  2001 | D:4      | XOM: summons 3 hostile shadow creatures
  2002 | D:4      | Noticed a centaur
  2065 | D:4      | Found a radiant altar of Vehumet.
  2065 | D:4      | Noticed a charred statue
  2070 | D:4      | Found a staircase to the Ecumenical Temple.
  2297 | D:4      | Found a snail-covered altar of Cheibriados.
  2302 | D:4      | Reached skill level 1 in Invocations
  2480 | D:4      | Noticed an ogre
  2491 | D:4      | Killed an ogre
  2491 | D:4      | Reached XP level 5. HP: 36/36 MP: 4/6
  2491 | D:4      | Reached *** piety under Uskayaw
  2497 | D:4      | XOM: noise
  2714 | D:5      | Entered Level 5 of the Dungeon
  2749 | D:5      | Reached skill level 5 in Stealth
  2761 | D:5      | Noticed a sky beast
  2771 | D:5      | Killed a sky beast
  2771 | D:5      | Reached XP level 6. HP: 7/42 MP: 7/7
  3332 | D:5      | Reached XP level 7. HP: 46/46 MP: 8/8
  3420 | D:5      | Noticed Prince Ribbit
  3471 | D:5      | Noticed Ijyb
  3478 | D:5      | Killed Ijyb
  3593 | D:5      | Killed Prince Ribbit
  3593 | D:5      | Reached skill level 5 in Dodging
  3713 | D:6      | Reached skill level 5 in Short Blades
  3757 | D:6      | Reached XP level 8. HP: 52/52 MP: 9/9
  3858 | D:6      | Found an iron altar of Okawaru.
  3908 | D:6      | Reached skill level 1 in Evocations
  4184 | D:6      | Found Ikug's Assorted Antiques.
  4191 | D:6      | Bought a scroll labeled ROPLISTR KOYFEI for 23 gold pieces
  4191 | D:6      | Bought a scroll labeled ROPLISTR KOYFEI for 23 gold pieces
  4191 | D:6      | Bought a purple potion for 20 gold pieces
  4191 | D:6      | Bought an encrusted pearl ring for 115 gold pieces
  4469 | D:7      | Reached skill level 1 in Shields
  4541 | D:7      | Noticed a spriggan baker
  4552 | D:7      | Killed a spriggan baker
  4552 | D:7      | Reached skill level 2 in Shields
  4591 | D:7      | Reached XP level 9. HP: 53/59 MP: 10/10
  4660 | D:7      | Reached skill level 3 in Shields
  4737 | D:7      | Reached skill level 5 in Fighting
  4762 | D:7      | XOM: summons 1 hostile demon
  4845 | D:7      | Reached skill level 4 in Shields
  4937 | D:7      | Found a burning altar of Makhleb.
  5070 | D:7      | XOM: noise
  5212 | D:7      | Found a bloodstained altar of Trog.
  5268 | D:7      | Reached skill level 5 in Shields
  5802 | D:8      | XOM: mild Tloc miscast
  5823 | D:8      | Reached **** piety under Uskayaw
  5924 | D:8      | Found a staircase to the Lair.
  5927 | D:8      | Reached XP level 10. HP: 63/69 MP: 11/11
  5936 | D:8      | Reached skill level 6 in Shields
  5947 | D:8      | Reached ***** piety under Uskayaw
  6197 | D:8      | XOM: severe Fire miscast
  6262 | D:8      | XOM: medium Erth miscast
  6555 | D:8      | Reached skill level 7 in Shields
  6652 | D:8      | Found a roughly hewn altar of Beogh.
  6819 | D:8      | XOM: scenery: 1 doors close
  6945 | D:9      | Found a huge runed translucent gate.
  6946 | D:9      | Found a huge runed translucent gate.
  6947 | D:9      | Found a huge runed translucent gate.
  6948 | D:9      | Found a huge runed translucent gate.
  7002 | D:9      | Reached skill level 8 in Shields
  7082 | D:9      | XOM: stat loss: -1 Int (13/14)
  7279 | D:9      | Reached skill level 5 in Invocations
  7628 | D:10     | Entered Level 10 of the Dungeon
  7964 | D:10     | Found a runed translucent door.
  7964 | D:10     | Noticed hemabe's ghost (journeyman HuAr)
  8031 | D:10     | Reached skill level 9 in Shields
  8031 | D:10     | Reached XP level 11. HP: 24/75 MP: 15/15
  8242 | D:10     | XOM: mild Pois miscast
  8324 | D:10     | Reached skill level 10 in Shields
  9160 | D:10     | Learned a level 1 spell: Summon Butterflies
  9162 | D:10     | Learned a level 1 spell: Apportation
  9166 | D:10     | Learned a level 3 spell: Tukima's Dance
  9410 | D:11     | Noticed a seven-headed hydra
  9417 | D:11     | Reached skill level 11 in Shields
  9495 | D:11     | Noticed a manticore
  9512 | D:11     | Killed a manticore
  9693 | D:11     | Paralysed by a hornet for 3 turns
  9804 | D:10     | XOM: noise
  9862 | Lair:1   | Entered Level 1 of the Lair of Beasts
  9968 | Lair:1   | XOM: noise
 10416 | Lair:1   | XOM: give mutations
 10416 | Lair:1   | Gained mutation: You are weak. (Str -2) [Xom's mischief]
 10416 | Lair:1   | Gained mutation: You passively map a small area around you.
                  | [Xom's mischief]
 10416 | Lair:1   | Gained mutation: Scrolls take you a little longer to read.
                  | [Xom's mischief]
 10416 | Lair:1   | Gained mutation: You are very weak. (Str -4) [Xom's
                  | mischief]
 10701 | Lair:1   | Learned a level 3 spell: Call Canine Familiar
 10734 | Lair:2   | Reached skill level 12 in Shields
 10955 | Lair:2   | Reached XP level 12. HP: 66/82 MP: 16/16
 11063 | Lair:2   | XOM: mild Erth miscast
 11219 | Lair:2   | Found a staircase to the Swamp.
 11889 | Lair:3   | Noticed a four-headed hydra
 11920 | Lair:3   | Noticed Fannar
 11944 | Lair:3   | Killed Fannar
 12543 | Lair:3   | Killed a four-headed hydra
 12543 | Lair:3   | Reached skill level 10 in Short Blades
 12567 | Lair:3   | Paralysed by a hornet for 3 turns
 12661 | Lair:3   | Found a hole to the Spider Nest.
 12867 | Lair:3   | XOM: medium Hex miscast
 13066 | Lair:4   | Found an opulent altar of Gozag.
 13155 | Lair:4   | XOM: medium Tmut miscast
 13461 | Lair:4   | Noticed a six-headed hydra
 13467 | Lair:4   | Killed a six-headed hydra
 13481 | Lair:4   | Noticed an eight-headed hydra
 13815 | Lair:4   | XOM: give mutations
 13815 | Lair:4   | Lost mutation: Scrolls take you a little longer to read.
                  | [Xom's mischief]
 13815 | Lair:4   | Gained mutation: Your body sometimes deteriorates upon
                  | taking damage. [Xom's mischief]
 13815 | Lair:4   | Gained mutation: You tend to lose your temper in combat.
                  | [Xom's mischief]
 13910 | Lair:4   | Killed an eight-headed hydra
 14138 | Lair:4   | XOM: mild Ice miscast
 14368 | Lair:5   | Reached XP level 13. HP: 46/88 MP: 17/17
 14477 | Lair:5   | XOM: stat loss: -3 Int (11/14)
 14477 | Lair:5   | Was forgiven by Xom
 15057 | Lair:5   | Reached skill level 13 in Shields
 15174 | Lair:5   | Learned a level 3 spell: Mephitic Cloud
 15682 | Lair:6   | Entered Level 6 of the Lair of Beasts
 16014 | Lair:6   | Reached skill level 14 in Shields
 16907 | Lair:6   | Found a staircase to the Slime Pits.
 17755 | Lair:6   | Reached skill level 15 in Shields
 17830 | Lair:6   | Reached skill level 1 in Spellcasting
 19188 | D:9      | Reached XP level 14. HP: 76/94 MP: 18/18
 19192 | D:9      | Reached ****** piety under Uskayaw
 19583 | D:12     | Found Abor's Book Shoppe.
 19844 | D:12     | Found a staircase to the Orcish Mines.
 20026 | D:12     | Noticed Jorgrun
 20035 | D:12     | Killed Jorgrun
 20140 | D:12     | Identified a scroll of acquirement
 20469 | D:12     | Learned a level 6 spell: Invisibility
 20701 | D:13     | Noticed Azrael
 20709 | D:13     | Killed Azrael
 20907 | D:13     | Reached skill level 10 in Dodging
 21021 | D:13     | You fall through a shaft for 2 floors!
 21021 | D:15     | Entered Level 15 of the Dungeon
 21058 | D:15     | Reached skill level 5 in Spellcasting
 21188 | D:15     | Found a shimmering altar of Xom.
 21461 | D:15     | Found Faweiban's Magic Scroll Shoppe.
 21581 | D:15     | Bought a scroll of identify for 24 gold pieces
 21581 | D:15     | Bought a scroll of summoning for 114 gold pieces
 21581 | D:15     | Bought a scroll of identify for 24 gold pieces
 21581 | D:15     | Bought a scroll of teleportation for 36 gold pieces
 21581 | D:15     | Bought a scroll of identify for 24 gold pieces
 21594 | D:15     | Hit by a large rock thrown by a cyclops

Levels and vault maps discovered:
D:1:      elethiomel_arrival_quiet, layout_basic
D:2:      layout_basic, eat_drink_and_be_merry_uskayaw, first_ration
D:3:      layout_rooms, grunt_dithmenos_smoke
D:4:      layout_loops_corners, vehumet_statue, kennysheep_slug_shrine,
          grunt_temple_overflow_open, minmay_temple_entry_sparse_star
D:5:      layout_basic, uniq_prince_ribbit1, uniq_ijyb
D:6:      layout_loops_cross, serial_shops, shop, okawaru_trees_1
D:7:      cheibrodos_fzero, layout_gridville, lemuel_doored_altar, the_bakery,
          trog_hazing_becter
D:8:      layout_cave_pools, due_lair_maze_entry_diamond, special_room
          [special_room_orc], corner_web_ring, grunt_ministairs_11
D:9:      lemuel_bear_cage, layout_long_grid
D:10:     layout_gridville, hellmonk_ghost_happy_afterlife,
          minmay_misc_feat_rugged
D:11:     layout_rooms
D:12:     layout_roguey, erik_orc_2, serial_shops, shop, uniq_jorgrun
D:13:     layout_long_grid, serial_shops, nicolae_shop_stone,
          nicolae_trove_entry_path_of_doom, uniq_azrael
D:15:     grunt_enter_depths_magical_seal, layout_rooms, serial_park_square2,
          serial_shops, shop_statue, tgw_xom
Lair:1:   layout_chaotic_city, grunt_megastairs_2
Lair:2:   statuecave_lemuel, layout_chaotic_city, minmay_swamp_entry_swarm,
          chequers_serial_rivers_large_a, lemuel_fruit_tree
Lair:3:   layout_hall_layers, nicolae_spider_entry_non_spiders, uniq_fannar
Lair:4:   layout_regular_city, lemuel_oklob_altar, grunt_megastairs_3
Lair:5:   layout_hall_layers
Lair:6:   hangedman_lair_in_review, layout_misc_corridors,
          minmay_slime_entry_pillars, chequers_serial_rivers_room_a,
          kennysheep_basilisk_garden, lemuel_fruit_fields

Skill      XL: |  1  2  3  4  5  6  7  8  9 10 11 12 13 14 |
---------------+-------------------------------------------+-----
Stealth        | 2 3 4 5 7 8 |  8.0
Invocations    | 1 2 5 6 |  6.0
Dodging        | 3 4 5 6 7 11 | 11.0
Short Blades   | 4 5 6 7 11 12 | 12.0
Evocations     | 2 |  2.2
Shields        | 2 5 9 12 15 | 15.0
Fighting       | 4 7 8 |  8.0
Spellcasting   | 2 5 |  5.7

Action                   |  1- 3 |  4- 6 |  7- 9 | 10-12 | 13-15 || total
-------------------------+-------+-------+-------+-------+-------++-------
Melee: Short sword       |    73 |       |       |    11 |       ||    84
       Tentacles         |    13 |    12 |    56 |   216 |   280 ||   577
       Constrict         |    18 |    19 |    39 |    96 |    63 ||   235
       Rapier            |     7 |    80 |   164 |    90 |   373 ||   714
       Unarmed           |       |    13 |       |       |       ||    13
       Dagger            |       |       |    25 |   751 |   589 ||  1365
Throw: Stone             |       |       |       |     1 |       ||     1
       Javelin           |       |       |       |     1 |     5 ||     6
Invok: Stomp             |       |     1 |     3 |    14 |    16 ||    34
       Line Pass         |       |       |       |     1 |     1 ||     2
Evoke: Wand              |       |     5 |    16 |    21 |    18 ||    60
       Phial of floods   |       |       |       |     1 |     1 ||     2
  Use: Scroll            |     3 |     3 |     7 |    18 |    18 ||    49
       Potion            |       |     1 |     3 |     5 |     2 ||    11
 Stab: Sleeping          |    13 |     5 |    12 |    24 |    22 ||    76
       Distracted        |       |     1 |     3 |     3 |     2 ||     9
       Paralysed         |       |       |     5 |    33 |    29 ||    67
  Eat: Chunk             |     2 |     6 |     9 |    21 |    17 ||    55
       Ration            |       |       |       |     2 |     3 ||     5
Armor: Skin              |     6 |    14 |     9 |    28 |    29 ||    86
Dodge: Dodged            |    48 |    45 |   117 |   263 |   246 ||   719
Block: Buckler           |       |       |    13 |    31 |       ||    44
       Shield            |       |       |       |   390 |   507 ||   897

Table legend:
 A = Non-vault XP
 B = Vault XP
 C = Vault XP percentage of total XP
 D = Non-vault monster count
 E = Vault monster count
 F = Vault count percentage of total count
                 A         B        C        D         E       F
            +---------+---------+-------+---------+---------+-------
      Total |   55430 |   22798 |  29.1 |     380 |     131 |  25.6
            +---------+---------+-------+---------+---------+-------
        D:1 |      36 |       0 |   0.0 |      22 |       0 |   0.0
        D:2 |      30 |       0 |   0.0 |      16 |       0 |   0.0
        D:3 |     215 |       0 |   0.0 |      25 |       0 |   0.0
        D:4 |     148 |       4 |   2.6 |       7 |       1 |  12.5
        D:5 |     401 |     299 |  42.7 |      16 |       2 |  11.1
        D:6 |     805 |       0 |   0.0 |      17 |       0 |   0.0
        D:7 |    1138 |    1099 |  49.1 |      19 |      19 |  50.0
        D:8 |    1083 |    2036 |  65.3 |      22 |      29 |  56.9
        D:9 |    1127 |    3260 |  74.3 |      24 |      17 |  41.5
       D:10 |    4640 |       0 |   0.0 |      41 |       0 |   0.0
       D:11 |    2593 |       0 |   0.0 |      21 |       0 |   0.0
       D:12 |    4193 |    4436 |  51.4 |      25 |      24 |  49.0
       D:13 |    4345 |    1658 |  27.6 |      10 |       3 |  23.1
       D:15 |    5354 |    2539 |  32.2 |      12 |       6 |  33.3
     Lair:1 |    1972 |     182 |   8.4 |      13 |       2 |  13.3
     Lair:2 |    3670 |     705 |  16.1 |      19 |       4 |  17.4
     Lair:3 |    1695 |    1799 |  51.5 |       6 |      10 |  62.5
     Lair:4 |    5442 |     908 |  14.3 |      14 |       1 |   6.7
     Lair:5 |    6166 |     468 |   7.1 |      23 |       1 |   4.2
     Lair:6 |   10377 |    3405 |  24.7 |      28 |      12 |  30.0
            +---------+---------+-------+---------+---------+-------
